 Dungeon Crawl Stone Soup version 0.24-a0-416-g56ce5178b7 (webtiles) character file.

Game seed: 9388771371446449569

4101 Avack the Merchant of Misery (level 10, -6/73 HPs)
             Began as a Mummy Wizard on June 8, 2019.
             Was a Believer of Kikubaaqudgha.
             Mangled by a hornet (11 damage)
             ... on level 12 of the Dungeon.
             The game lasted 00:34:58 (11391 turns).

Avack the Merchant of Misery (Mummy Wizard)        Turns: 11391, Time: 00:34:59

Health: -6/73      AC: 12    Str: 12    XL:     10   Next: 6%
Magic:  0/16       EV: 13    Int: 20    God:    Kikubaaqudgha [**....]
Gold:   332        SH:  0    Dex: 10    Spells: 3/18 levels left

rFire    x . .     SeeInvis .   v - +2 halberd (flame)
rCold    + . .     Gourm    .   (shield currently unavailable)
rNeg     + + +     Faith    +   f - +1 robe {rN+}
rPois    ∞         Spirit   .   j - +2 helmet
rElec    .         Reflect  .   (no cloak)
rCorr    .         Harm     .   g - +2 pair of gloves
MR       +....                  r - +2 pair of boots
Stlth    ++........             o - amulet of faith {!P}
HPRegen  0.22/turn              (no ring)
MPRegen  0.15/turn              (no ring)

@: very slightly contaminated
A: no food or potions, fire vulnerability, cold resistance 1, negative energy
resistance 3, torment resistance, unbreathing
a: Receive Corpses, Renounce Religion


You were on level 12 of the Dungeon.
You worshipped Kikubaaqudgha.
Kikubaaqudgha was pleased with you.
You were not hungry.

You visited 2 branches of the dungeon, and saw 11 of its levels.
You also visited: Ossuary.

You collected 332 gold pieces.

Inventory:

Hand Weapons
 i - the +2 hunting sling of Zoizefev {velocity, rElec rN+ Str-2 SInv}
   (You found it on level 8 of the Dungeon)

   Any stone fired from it inflicts extra damage.
   It affects your strength (-2).
   It insulates you from electricity.
   It protects you from negative energy.
   It lets you see invisible.
 v - a +2 halberd of flaming (weapon)
Missiles
 b - 4 boomerangs
 c - 46 poisoned darts (quivered)
Armour
 f - a +1 robe of positive energy (worn)
 g - a +2 pair of gloves (worn)
 j - a +2 helmet (worn)
 r - a +2 pair of boots (worn)
Jewellery
 k - an uncursed ring of ice
 o - an amulet of faith (around neck) {!P}
Wands
 d - a wand of polymorph (2)
 e - a wand of iceblast (10)
 s - a wand of clouds (4)
 t - a wand of random effects (15)
Scrolls
 a - a scroll of amnesia
 h - 3 scrolls of remove curse
 m - a scroll of magic mapping
 n - a scroll of fog
 p - 2 scrolls of enchant armour


   Skills:
 - Level 4.7 Fighting
 - Level 4.3 Dodging
 - Level 1.5 Stealth
 - Level 4.5 Spellcasting
 - Level 4.0 Conjurations
 - Level 2.0 Summonings
 + Level 8.9 Necromancy
 - Level 0.7 Translocations
 - Level 3.2 Fire Magic
 - Level 3.0 Air Magic
 - Level 3.0 Poison Magic


You had 3 spell levels left.
You knew the following spells:

 Your Spells              Type           Power        Failure   Level  Hunger
a - Magic Dart            Conj           ###.         2%          1    N/A
b - Call Imp              Summ           ##......     8%          2    N/A
c - Blink                 Tloc           N/A          14%         2    N/A
d - Mephitic Cloud        Conj/Pois/Air  ###.....     9%          3    N/A
e - Conjure Flame         Conj/Fire      ###.....     9%          3    N/A
f - Vampiric Draining     Necr           #####.....   1%          3    N/A
g - Animate Skeleton      Necr           N/A          1%          1    N/A

Your spell library contained the following spells:

 Spells                   Type           Power        Failure   Level  Hunger
 Pain                     Necr           ####         1%          1    N/A
 Corpse Rot               Necr           N/A          1%          2    N/A
 Poisonous Vapours        Pois/Air       ###...       5%          2    N/A
 Slow                     Hex            #.......     19%         2    N/A
 Freezing Cloud           Conj/Ice/Air   ##........   100%        6    N/A
 Ring of Flames           Chrm/Fire      ##........   100%        7    N/A

Dungeon Overview and Level Annotations

Branches:
Dungeon (12/15)            Temple (1/1) D:5
   Lair: D:8-11         Orc: D:9-12

Altars:
Ashenzari
Cheibriados
Dithmenos
Elyvilon
Fedhas
Gozag
Hepliaklqana
Kikubaaqudgha
Makhleb
Nemelex Xobeh
Okawaru
Qazlal
Ru
Sif Muna
Trog
Uskayaw
Vehumet
Wu Jian
Xom
Yredelemnul
Zin
The Shining One

Shops:
D:6 ?

Annotations:
D:4 exclusion: statue


Innate Abilities, Weirdness & Mutations

You do not eat or drink.
Your flesh is vulnerable to fire.
You are immune to poison.
Your flesh is cold resistant. (rC+)
You are immune to negative energy. (rN+++)
You are immune to unholy pain and torment.
You can survive without breathing.


Message History

Your crimson imp hits the hornet but does no damage.
The crimson imp hits you but does no damage.
Unknown command.
As you read the scroll labeled KISHYAVOKY, it crumbles to dust.
It is a scroll of enchant weapon.
Your +1 halberd of flaming glows red for a moment.
You hear a distant slurping noise.
The crimson imp hits you but does no damage.
The hornet stings you.
* * * LOW HITPOINT WARNING * * *
Unknown command.
Okay, then.
Casting: Call Imp (safe; 8% risk of failure)
Confirm with . or Enter, or press ? or * to list all spells.
You miscast Blink.
You are very lightly contaminated with residual magic.
The air around you crackles with energy!
The hornet stings you!
You die...
Kikubaaqudgha rasps: "You have failed me!
Welcome... oblivion!"

°.##...........#...............Jy
...............#.................
°..............#............(....
°.##....####+###J................
.J##....#........################
..#.....#.......J#
..#.....#)......J+
####....#)....5y.#
###+##......5@# ...######## .. .


You could see 3 slime creatures, a hornet, a crimson imp and a friendly crimson
imp.

Vanquished Creatures
  A two-headed ogre (D:8)
  A spriggan (D:7)
  A wraith (D:6)
  A sky beast (D:12)
  A phantom (D:4)
  2 orc warriors
  3 black bears (D:6)
  A hornet zombie (D:7)
  2 ogres (D:7)
  2 centaurs
  4 bullfrogs
  2 scorpions
  2 crimson imps (D:7)
  2 howler monkeys (D:7)
  2 centaur zombies (Ossuary)
  3 human zombies (Ossuary)
  2 hounds
  2 bullfrog skeletons
  2 iguanas
  2 worker ants (D:5)
  Natasha (thrice) (D:2)
  2 orc wizards
  2 big kobold zombies (Ossuary)
  A hound zombie (D:8)
  2 hound skeletons (D:4)
  3 mummies (Ossuary)
  11 adders
  2 shadow imps (D:6)
  2 oozes
  2 worms (D:2)
  A dart slug (D:2)
  A leopard gecko (D:5)
  11 orcs
  5 ball pythons
  7 giant cockroaches
  A gnoll zombie (Ossuary)
  9 hobgoblins
  9 kobolds
  4 quokkas
  3 bats
  8 frilled lizards
  6 goblins
  2 goblin zombies (Ossuary)
  5 hobgoblin zombies (Ossuary)
  A jackal skeleton (D:4)
  5 jackal zombies (Ossuary)
  8 kobold zombies (Ossuary)
  2 leopard gecko skeletons
  An orc zombie (Ossuary)
  A quokka skeleton (D:8)
  4 quokka zombies (Ossuary)
  7 rats
  A rat zombie (Ossuary)
170 creatures vanquished.

Vanquished Creatures (collateral kills)
  Pikel (D:6)
  A black bear (D:8)
  An orc warrior (D:7)
  An ice beast (D:6)
  A centaur (D:8)
  6 bullfrogs
  A scorpion (D:7)
  2 wights
  A crimson imp (D:5)
  A quasit (D:6)
  4 hounds
  A centaur skeleton (D:8)
  3 orc priests
  Jessica (D:2)
  4 orc wizards
  2 worker ants
  A gnoll (D:1)
  An adder (D:5)
  2 shadow imps
  6 orcs
  2 giant cockroaches (D:1)
  A goblin (D:1)
  5 hobgoblins
  3 jackals (D:7)
  2 kobolds (D:1)
  A quokka (D:6)
  2 ball pythons
  A frilled lizard (D:4)
  A rat (D:2)
59 creatures vanquished.

Vanquished Creatures (others)
  A slave (D:7)
  A big kobold (D:7)
  A kobold (D:7)
3 creatures vanquished.

Grand Total: 232 creatures vanquished

Notes
Turn   | Place    | Note
-------+----------+-------------------------------------------
     0 | D:1      | Avack the Mummy Wizard began the quest for the Orb.
     0 | D:1      | Reached XP level 1. HP: 13/13 MP: 5/5
    15 | D:1      | Reached skill level 1 in Conjurations
   307 | D:1      | Reached XP level 2. HP: 19/19 MP: 4/7
   323 | D:1      | Learned a level 2 spell: Call Imp
   326 | D:1      | Learned a level 2 spell: Blink
   575 | D:1      | Reached skill level 1 in Summonings
  1031 | D:1      | Reached XP level 3. HP: 20/24 MP: 3/8
  1044 | D:1      | Learned a level 3 spell: Mephitic Cloud
  1316 | D:2      | Noticed Jessica
  1347 | D:2      | Killed Jessica
  1454 | D:2      | Noticed Natasha
  1470 | D:2      | Killed Natasha
  1470 | D:2      | Reached XP level 4. HP: 13/30 MP: 1/10
  1545 | D:2      | Learned a level 3 spell: Conjure Flame
  1784 | D:2      | Noticed Natasha
  1875 | D:2      | Reached skill level 1 in Poison Magic
  2143 | D:2      | Killed Natasha
  2143 | D:2      | Reached skill level 1 in Air Magic
  2311 | D:2      | Reached XP level 5. HP: 35/35 MP: 4/11
  2614 | D:2      | Noticed Natasha
  2632 | D:2      | Killed Natasha
  3656 | D:3      | Reached XP level 6. HP: 37/41 MP: 7/12
  4276 | D:4      | Found an iron altar of Okawaru.
  4277 | D:4      | Found a stormy altar of Qazlal.
  4329 | D:4      | Found a radiant altar of Vehumet.
  4572 | D:4      | Reached skill level 1 in Fire Magic
  4755 | D:4      | Reached XP level 7. HP: 46/46 MP: 6/13
  5048 | D:5      | Entered Level 5 of the Dungeon
  5328 | D:5      | Found a blossoming altar of Fedhas.
  5632 | D:5      | Found a staircase to the Ecumenical Temple.
  5638 | Temple   | Entered the Ecumenical Temple
  6203 | D:5      | Found an opulent altar of Gozag.
  6206 | D:5      | Found a shattered altar of Ashenzari.
  6209 | D:5      | Found a glowing golden altar of the Shining One.
  6513 | D:6      | Found Cizogax's Magic Scroll Boutique.
  6640 | D:6      | Found a bloodstained altar of Trog.
  6719 | D:6      | Found a sand-covered staircase.
  6757 | Ossuary  | Entered an ossuary
  6833 | Ossuary  | Reached XP level 8. HP: 53/53 MP: 6/14
  6929 | Ossuary  | Reached skill level 1 in Fighting
  7757 | D:6      | Found a blossoming altar of Fedhas.
  7760 | D:6      | Found a snail-covered altar of Cheibriados.
  7763 | D:6      | Found a hazy altar of Hepliaklqana.
  7766 | D:6      | Found an ancient bone altar of Kikubaaqudgha.
  7770 | D:6      | Became a worshipper of Kikubaaqudgha
  8699 | D:7      | Reached * piety under Kikubaaqudgha
  8699 | D:7      | Identified Kikubaaqudgha's Catalogue of Black Rituals
                  | (Kikubaaqudgha gifted it to you on level 7 of the Dungeon)
  8699 | D:7      | Received a gift from Kikubaaqudgha
  8707 | D:6      | Learned a level 3 spell: Vampiric Draining
  8709 | D:6      | Learned a level 1 spell: Animate Skeleton
  8854 | D:7      | Reached skill level 1 in Necromancy
  8928 | D:7      | Reached skill level 2 in Necromancy
  8928 | D:7      | Reached XP level 9. HP: 65/66 MP: 2/15
  9034 | D:7      | Noticed Pikel
  9080 | D:7      | Reached skill level 3 in Necromancy
  9107 | D:6      | Killed Pikel
  9107 | D:6      | Reached skill level 5 in Necromancy
  9337 | D:7      | Reached skill level 6 in Necromancy
  9532 | D:7      | Found a shimmering altar of Xom.
  9801 | D:8      | Noticed a two-headed ogre
  9817 | D:8      | Killed a two-headed ogre
  9817 | D:8      | Reached skill level 7 in Necromancy
  9827 | D:7      | Reached ** piety under Kikubaaqudgha
 10176 | D:8      | Reached skill level 8 in Necromancy
 10708 | D:8      | Found a blossoming altar of Fedhas.
 10895 | D:8      | Got a transparent hunting sling
 10906 | D:8      | Reached XP level 10. HP: 73/73 MP: 5/16
 10907 | D:8      | Identified the +2 hunting sling of Zoizefev {velocity,
                  | rElec rN+ Str-2 SInv} (You found it on level 8 of the
                  | Dungeon)
 11322 | D:9      | You fall into a shaft and drop 3 floors!
 11391 | D:12     | Mangled by a hornet

Levels and vault maps discovered:
D:1:      scummos_arrival_simple_crosswalls, layout_rooms
D:2:      layout_loops_ring, uniq_natasha, uniq_jessica
D:3:      layout_basic, minmay_shallow_snake_nest
D:4:      layout_rooms, chequers_temple_overflow_statue_of_worship,
          vehumet_statue, first_ration, minmay_misc_feat_encased,
          hangedman_abyss_or_decor_jellyfish_corner
D:5:      layout_basic, grunt_temple_overflow_diamond, temple_green,
          basic_altar, hangedman_abyss_or_decor_stabs, minmay_misc_feat_columns,
          grunt_ministairs_7
D:6:      layout_basic, grunt_temple_overflow_cloverleaf, serial_shops,
          shop_scrolls, enter_ossuary_5, serial_park_tiny_1, moated_statue,
          trog_ov_bears_minmay
D:7:      layout_rooms, lemuel_round_altar, the_bakery, uniq_pikel
D:8:      layout_cave_pools, fedhas_altar_4
D:9:      layout_basic, serial_shops, nicolae_shop_overgrown_old_shop,
          lemuel_altar_in_water, uniq_erolcha, uniq_joseph
D:12:     layout_gridville, lemuel_flamethrower_2
Temple:   minmay_temple_curvy_loop

Skill      XL: |  1  2  3  4  5  6  7  8  9 |
---------------+----------------------------+-----
Conjurations   | 1 2 3 4 |  4.0
Summonings     | 1 2 |  2.0
Poison Magic   | 1 2 3 |  3.0
Air Magic      | 1 2 3 |  3.0
Fire Magic     | 1 3 |  3.2
Fighting       | 4 |  4.7
Dodging        | 4 |  4.3
Necromancy     | 2 8 |  8.9
Stealth        | |  1.5
Spellcasting   | |  4.5
Translocations | |  0.7

Action                   |  1- 3 |  4- 6 |  7- 9 | 10-12 || total
-------------------------+-------+-------+-------+-------++-------
Melee: Club              |    18 |       |       |       ||    18
       Short sword       |    36 |    11 |       |       ||    47
       Trident           |       |   106 |   417 |       ||   523
       Halberd           |       |       |     2 |    21 ||    23
Throw: Dart              |     2 |    17 |    24 |       ||    43
       Boomerang         |       |       |     6 |       ||     6
 Cast: Magic Dart        |    45 |    96 |    34 |       ||   175
       Call Imp          |    19 |    15 |    80 |     6 ||   120
       Mephitic Cloud    |     1 |     8 |    35 |     6 ||    50
       Conjure Flame     |       |     8 |    29 |       ||    37
       Blink             |       |     1 |     5 |     1 ||     7
       Animate Skeleton  |       |       |    14 |     2 ||    16
       Vampiric Draining |       |       |     1 |       ||     1
Evoke: Wand              |       |       |     3 |       ||     3
  Use: Scroll            |       |     3 |    10 |     4 ||    17
 Stab: Sleeping          |     2 |     2 |     3 |       ||     7
       Distracted        |       |     1 |       |       ||     1
       Confused          |       |       |    12 |     1 ||    13
Armor: Robe              |    16 |    30 |   171 |    10 ||   227
Dodge: Dodged            |    56 |    84 |   292 |    20 ||   452

Table legend:
 A = Non-vault XP
 B = Vault XP
 C = Vault XP percentage of total XP
 D = Non-vault monster count
 E = Vault monster count
 F = Vault count percentage of total count
                 A         B        C        D         E       F
            +---------+---------+-------+---------+---------+-------
      Total |    4355 |    1504 |  25.7 |     180 |      49 |  21.4
            +---------+---------+-------+---------+---------+-------
        D:1 |      55 |       0 |   0.0 |      34 |       0 |   0.0
        D:2 |     164 |      54 |  24.8 |      26 |       2 |   7.1
        D:3 |     132 |      19 |  12.6 |      12 |       5 |  29.4
        D:4 |     367 |       0 |   0.0 |      18 |       0 |   0.0
        D:5 |     247 |       1 |   0.4 |      10 |       1 |   9.1
        D:6 |     742 |     877 |  54.2 |      19 |       3 |  13.6
        D:7 |    1140 |     196 |  14.7 |      30 |       1 |   3.2
        D:8 |    1425 |       0 |   0.0 |      30 |       0 |   0.0
       D:12 |      83 |       0 |   0.0 |       1 |       0 |   0.0
    Ossuary |       0 |     357 | 100.0 |       0 |      37 | 100.0
            +---------+---------+-------+---------+---------+-------
